 Dungeon Crawl Stone Soup version 0.32-a0-612-g1c984fe9d1 (webtiles) character file.

Game seed: 4219315114914701377

854 tilp the Vexing (level 7, -2/47 (51) HPs)
             Began as a Vampire Enchanter on Mar 4, 2024.
             Slain by a water moccasin (6 damage)
             ... on level 5 of the Dungeon.
             The game lasted 00:08:54 (4883 turns).

tilp the Vexing (Vampire Enchanter)                 Turns: 4883, Time: 00:08:55

HP:   -2/47 (51)    AC:  3    Str:  7    XL:     7   Next: 70%
MP:   10/11         EV: 13    Int: 20    God:
Gold: 488           SH:  0    Dex: 14    Spells: 1/12 levels left

rFire   . . .        a - +2 dagger (venom)
rCold   . . .        (no shield)
rNeg    . . .        f - +1 robe
rPois   .            (no helmet)
rElec   .            (no cloak)
rCorr   .            (no gloves)
SInv    +            (no boots)
Will    .....        n - amulet of magic regeneration
Stlth   +++          (no ring)
HPRegen 0.47/turn    (no ring)
MPRegen 0.52/turn

%: no passive effects
@: confusing by touch, healing quickly, drained
A: alive, fangs 3, see invisible, vampiric 2
a: Exsanguinate


You were on level 5 of the Dungeon.
You visited 1 branch of the dungeon, and saw 5 of its levels.
You also visited: Ossuary.

You collected 488 gold pieces.

Inventory:

Hand Weapons
 a - a +2 dagger of venom (weapon)
 b - a +4 dagger
 l - the +5 quarterstaff of the Tent {pain, Will+ Str+3 Int+3 Dex-4}
   (You found it on level 3 of the Dungeon)

   Str+3:     It affects your strength (+3).
   Int+3:     It affects your intelligence (+3).
   Dex-4:     It affects your dexterity (-4).
   Will+:     It increases your willpower.
 m - a +1 dagger
Missiles
 i - 13 poisoned darts (quivered)
Armour
 f - a +1 robe (worn)
Jewellery
 n - an amulet of magic regeneration (around neck)
Wands
 o - a wand of quicksilver (7)
Scrolls
 d - a scroll of enchant weapon
 g - 3 scrolls of teleportation
Potions
 c - a potion of invisibility
 e - 2 potions of curing
 h - a potion of berserk rage
 j - a potion of might
 k - 3 potions of mutation
 p - 2 potions of haste
 q - a potion of degeneration {unknown}
 r - a potion of attraction {unknown}
 t - 2 potions of heal wounds


   Skills:
 * Level 2.9 Fighting
 * Level 4.0(4.7) Short Blades
 * Level 3.3(4.2) Long Blades
 + Level 3.5 Dodging
 + Level 5.8 Stealth
 + Level 3.0 Spellcasting
 * Level 6.8 Hexes
 + Level 1.3 Evocations


You had one spell level left.
You knew the following spells:

 Your Spells              Type           Power      Damage    Failure   Level
a - Ensorcelled Hibernat  Hex/Ice        32%        N/A       5%          2
b - Confusing Touch       Hex            30%        N/A       2%          3
c - Tukima's Dance        Hex            30%        N/A       2%          3
d - Dazzling Flash        Conj/Hex       32%        N/A       11%         3

Your spell library contained the following spells:

 Spells                   Type           Power      Damage    Failure   Level
 Shock                    Conj/Air       12%        1d3       14%         1
 Sting                    Conj/Alch      12%        1d3       14%         1
 Lesser Beckoning         Tloc           6%         N/A       22%         2
 Mercury Vapours          Alch/Air       6%         N/A       22%         2
 Frozen Ramparts          Ice            6%         1d1       38%         3
 Gell's Gravitas          Tloc           3%         N/A       38%         3
 Mephitic Cloud           Conj/Alch/Air  3%         N/A       38%         3
 Swiftness                Air            3%         N/A       38%         3
 Teleport Other           Tloc           3%         N/A       38%         3
 Metabolic Englaciation   Hex/Ice        8%         N/A       67%         5
 Yara's Violent Unravell  Hex/Alch       8%         3d5       67%         5
 Airstrike                Air            1%         2d(1-17)  80%         4
 Leda's Liquefaction      Alch/Erth      1%         N/A       80%         4
 Olgreb's Toxic Radiance  Alch           3%         N/A       80%         4
 Passage of Golubria      Tloc           3%         N/A       80%         4
 Petrify                  Alch/Erth      3%         N/A       80%         4
 Freezing Cloud           Conj/Ice/Air   1%         6-21      98%         5
 Dispersal                Tloc           1%         N/A       100%        6


Dungeon Overview and Level Annotations

Branches:
Dungeon (5/15)            Ossuary (visited)
 Temple: D:4-7

Altars:
Dithmenos
Nemelex Xobeh

Shops:
D:5 :


Innate Abilities, Weirdness & Mutations

Your natural rate of healing is accelerated.
You have razor-sharp teeth.
You have supernaturally acute eyesight. (SInv)
You are afflicted with vampirism and can become a bat while bloodless.


Message History

The helpless killer bee fails to defend itself.
You skewer the killer bee like a kebab!!!
You kill the killer bee!
The wight completely misses you.
Your Spellcasting skill increases to level 3!
Casting: Ensorcelled Hibernation (safe; 5% risk of failure)
Confirm with . or Enter, or press ? or * to list all spells.
Your hands begin to glow red.
The wight closely misses you.
The wight hits you from afar with a +2 spear of freezing.
The wight freezes you.
You barely miss the wight. The wight misses you.
You barely miss the wight. Your bite misses the wight.
The wight hits you from afar with a +2 spear of freezing!
The wight freezes you.
You closely miss the wight. You bite the wight.
The wight is lightly damaged.
The water moccasin bites you. The wight closely misses you.
The wight barely misses you. The water moccasin closely misses you.
The wight attacks as it pursues you!
The wight hits you from afar with a +2 spear of freezing!
You feel drained. The wight freezes you. The water moccasin closely misses you.
Unknown command.
The water moccasin barely misses you.
The water moccasin attacks as it pursues you!
The water moccasin bites you.
The wight hits you from afar with a +2 spear of freezing.
The wight freezes you.
* * * LOW HITPOINT WARNING * * *
The water moccasin attacks as it pursues you!
The water moccasin bites you.
* * * LOW HITPOINT WARNING * * *
The wight attacks as it pursues you!
The wight hits you from afar with a +2 spear of freezing.
* * * LOW HITPOINT WARNING * * *
You feel drained.
* * * LOW HITPOINT WARNING * * *
The wight freezes you.
* * * LOW HITPOINT WARNING * * *
The water moccasin bites you.
You die...

.####.# #).....#### #.
#......# #. ###....# ##
#.##......#
#...#.......#.######
#...#....##.#.##...#
#####...#....#.z...#.#)#
........#......S@....#.#
....... ##.zz.z.....##.#
......####.#....[.####)#
.........#†#...##.####)#
)..z.z.z....>.........)#
......##.#.|...........#
......##..........####.#
..........##.####.# #)#
#########.##.# #.#
#.#########


You could see a water moccasin and 4 wights.

Vanquished Creatures
  Menkaure (D:4)
  An ogre (D:4)
  A phantom (D:4)
  A killer bee (D:5)
  2 orc priests
  2 bombardier beetles (D:5)
  A sleepcap (D:4)
  8 mummies (Ossuary)
  4 adders
  3 gnolls (D:5)
  2 ufetubi (D:4)
  10 orcs
  4 endoplasms
  2 giant cockroaches
  4 goblins
  6 hobgoblins
  6 jackals
  15 kobolds
  3 quokkas
  6 ball pythons
  8 bats
  3 frilled lizards
  2 gnoll zombies (Ossuary)
  2 hobgoblin zombies (Ossuary)
  3 kobold zombies (Ossuary)
  2 orc zombies
  6 rats
108 creatures vanquished.

Vanquished Creatures (collateral kills)
  Edmund (D:4)
1 creature vanquished.

Vanquished Creatures (others)
  A dancing weapon (D:5)
1 creature vanquished.

Grand Total: 110 creatures vanquished

Notes
Turn   | Place    | Note
-------+----------+-------------------------------------------
     0 | D:1      | tilp the Vampire Enchanter began the quest for the Orb.
     0 | D:1      | Reached XP level 1. HP: 13/13 MP: 3/3
    65 | D:1      | Found a faded altar of an unknown god.
   136 | D:1      | Reached XP level 2. HP: 14/19 MP: 5/5
   139 | D:1      | Learned a level 2 spell: Ensorcelled Hibernation
   692 | D:1      | Reached skill level 5 in Hexes
  1112 | D:2      | Reached skill level 1 in Long Blades
  1152 | D:2      | Gained mutation: You are afflicted with vampirism and can
                  | become a bat while bloodless. [Vampire growth]
  1152 | D:2      | Reached XP level 3. HP: 11/24 MP: 2/6
  1156 | D:2      | Learned a level 3 spell: Confusing Touch
  1682 | D:2      | Found a sparkling altar of Nemelex Xobeh.
  2146 | D:3      | Reached skill level 1 in Fighting
  2146 | D:3      | Reached XP level 4. HP: 16/32 MP: 2/7
  2402 | D:3      | Identified the +5 quarterstaff of the Tent {pain, Will+
                  | Str+3 Int+3 Dex-4}
  3056 | D:4      | Reached XP level 5. HP: 37/37 MP: 8/8
  3061 | D:4      | Learned a level 3 spell: Tukima's Dance
  3078 | D:4      | Noticed an ogre
  3090 | D:4      | Killed an ogre
  3168 | D:4      | Found a shadowy altar of Dithmenos.
  3388 | D:4      | Noticed Menkaure
  3393 | D:4      | Killed Menkaure
  3394 | D:4      | Reached skill level 5 in Stealth
  3394 | D:4      | Reached skill level 6 in Hexes
  3394 | D:4      | Reached XP level 6. HP: 44/44 MP: 9/9
  3458 | D:4      | Noticed Edmund
  3482 | D:4      | Killed Edmund
  3517 | D:4      | Reached XP level 7. HP: 49/51 MP: 11/11
  3790 | D:5      | Entered Level 5 of the Dungeon
  3813 | D:5      | Found Banut's Self-Published Books.
  3819 | D:5      | Found a sand-covered staircase.
  3837 | Ossuary  | Entered an ossuary
  3895 | Ossuary  | Reached skill level 1 in Evocations
  4449 | D:5      | Learned a level 3 spell: Dazzling Flash
  4883 | D:5      | Slain by a water moccasin

Illustrated notes

Levels and vault maps discovered:
D:1:      lemuel_arrival_lava_pool, layout_loops_corners,
          dreamdust_ecumenical_altar_statues
D:2:      layout_basic, basic_altar
D:3:      layout_basic, lexackson_kobold_supper
D:4:      layout_rooms, grunt_dithmenos_smoke_and_mirrors, kennysheep_doodads,
          serial_library_hellmonk_big_corner, uniq_edmund, uniq_menkaure
D:5:      layout_basic, gammafunk_ghost_arena, enter_ossuary_3,
          nicolae_custom_books

Skill      XL: |  1  2  3  4  5  6  7 |
---------------+----------------------+-----
Hexes          | 5 6 |  6.8
Long Blades    | 1 2 3 |  3.3
Short Blades   | 2 3 4 |  4.0
Fighting       | 1 2 |  2.9
Dodging        | 3 |  3.5
Stealth        | 5 |  5.8
Evocations     | 1 |  1.3
Spellcasting   | 3 |  3.0

Action                     |  1- 3 |  4- 6 |  7- 9 || total
---------------------------+-------+-------+-------++-------
  Melee: Dagger            |   117 |    95 |   123 ||   335
         Bite              |     8 |     7 |    26 ||    41
   Cast: Ensorcelled Hiber |    26 |    14 |    10 ||    50
         Confusing Touch   |     1 |     3 |    10 ||    14
         Tukima's Dance    |       |     2 |     1 ||     3
    Use: Scroll            |     8 |     1 |     5 ||    14
         Potion            |       |       |     1 ||     1
   Stab: Sleeping          |    23 |    12 |     7 ||    42
         Distracted        |       |     1 |       ||     1
         Confused          |       |     1 |     8 ||     9
         Invisible         |       |       |     7 ||     7
 Armour: Robe              |    55 |    47 |    48 ||   150
  Dodge: Dodged            |    56 |    60 |    54 ||   170

Table legend: (Time is in decaauts)
 A = Elapsed time spent in this place.
 B = Non-inter-level travel time spent in this place.
 C = Inter-level travel time spent in this place.
 D = Time resting spent in this place.
 E = Time spent auto-exploring this place.
 F = Levels seen in this place.
 G = Mean time per level.
                   A        B        C        D        E       F      G
               +--------+--------+--------+--------+--------+-----+--------+
         Total |   4834 |   4678 |    156 |    957 |   2629 |   6 |  805.7 |
       Dungeon |   4269 |   4113 |    156 |    618 |   2536 |   5 |  853.8 |
       Ossuary |    565 |    565 |      0 |    339 |     93 |   1 |  565.0 |
               +--------+--------+--------+--------+--------+-----+--------+

Top non-repeatable levels by time:
     D:1: 1058 daAuts
     D:2: 1029 daAuts
     D:3: 992 daAuts
     D:4: 840 daAuts
 Ossuary: 565 daAuts
     D:5: 348 daAuts
